[Event "*** Titled Tuesday Blitz"]
[Site "Chess.com"]
[Date "2020.04.14"]
[Round "5"]
[White "pheonixking2000"]
[Black "Duhless"]
[Result "1-0"]
[WhiteElo "2842"]
[BlackElo "3074"]
[TimeControl "180+1"]
[EndTime "10:51:43 PDT"]
[Termination "pheonixking2000 won by resignation"]

1. c4 g6 2. d4 Nf6 3. Nc3 d5 4.
cxd5 Nxd5 5. e4 Nxc3 6. bxc3 Bg7 7.
Nf3 c5 8. Rb1 O-O 9. Be2 b6 10.
O-O Bb7 11. Qd3 e6 12. Bg5 Qc7 13. Qe3 Nd7 14. e5 Rac8 15. Nd2 cxd4 16. cxd4 Qc3 17.
Bb5 Qxe3 18. fxe3 Rc2 19. Rf2 Bc6 20. Bxc6 Rxc6 21. Ne4 Rfc8 22. Rbf1 Rc1 23. Rxf7 Rxf1+ 24. Rxf1 Rc2 25. a4 Bf8 26. h4 Bb4 27. Nf6+ Nxf6 28. Rxf6 Rc6 29. Kh2 Bc3 30. Bh6 Bb4 31. d5 Rc4 32. d6 Rxh4+ 33. Kg1 Rxh6 34. Rxe6 Kf7 35. Re7+ Kf8 36. Rxa7 Rh5 37. Re7 Bc5 38. Kf2 Rf5+ 39.
Ke2 Rf7 40. Re6 Kg7 41. Kd3 Kf8 42. Ke4 Rf1 43. Kd5 Kf7 44. Re7+ Kf8 45. Rxh7 Re1 46. Rh8+ Kf7 47. e6+ Kg7 48. e7 Rd1+ 49. Kc4 Rc1+ 50. Kb3 Kxh8 51. e8=Q+ Kg7 52. d7 Rd1 53. d8=Q 1-0

[Event "*** Titled Tuesday Blitz"]
[Site "Chess.com"]
[Date "2020.04.14"]
[Round "5"]
[White "Darhild"]
[Black "suyu28"]
[Result "1/2-1/2"]
[WhiteElo "2711"]
[BlackElo "2550"]
[TimeControl "180+1"]
[EndTime "10:51:43 PDT"]
[Termination "Game drawn by repetition"]

1. Nf3 d5 2. g3 c6 3. Bg2 Bg4 4. d4 Nd7 5. O-O e6 6. c4 Ngf6 7.
h3 Bh5 8. cxd5 exd5 9. Qb3 Qb6 10. Qe3+ Be7 11. Nh4 Bg6 12. Nc3 Qd8 13. f4 Bc2 14.
g4 O-O 15. g5 Ne8 16. Qd2 Bg6 17. f5 Bh5 18. e4 dxe4 19. Nxe4 Bd6 20. Qf2 Bb8 21.
Bf4 Bxf4 22. Qxf4 Be2 23. Rf2 Bc4 24. f6 g6 25. Re1 Bd5 26. Ng3 Nc7 27. Nhf5 gxf5 28.
Nxf5 Bxg2 29. Rxg2 Nd5 30. Qh4 Kh8 31. Rg4 N7xf6 32.
gxf6 Qxf6 33. Qxf6+ Nxf6 34. Rg2 Rg8 35. Re7 Nd5 36.
Rxf7 Nf4 37. Rxg8+ Rxg8+ 38. Kh2 Rg2+ 39. Kh1 Rg8 40.
h4 h5 41. Rxb7 Ne2 42. Kh2 Ng1 43. Ne3 Nf3+ 44. Kh3 Ng1+ 45. Kh2 Nf3+ 46. Kh3 Ng1+ 47. Kh2 1/2-1/2

[Event "*** Titled Tuesday Blitz"]
[Site "Chess.com"]
[Date "2020.04.14"]
[Round "5"]
[White "Eltarolo"]
[Black "YumiBear"]
[Result "0-1"]
[WhiteElo "2343"]
[BlackElo "2529"]
[TimeControl "180+1"]
[EndTime "10:51:43 PDT"]
[Termination "YumiBear won by checkmate"]

1. e4 c6 2. d4 d5 3. Nc3 dxe4 4.
Nxe4 Nf6 5. Ng3 h5 6. h4 Bg4 7. Be2 e6 8. c3 Bd6 9. Bxg4 hxg4 10. N1e2 Qc7 11. Bg5 Nbd7 12. Qd2 O-O-O 13. O-O-O Kb8 14. Kb1 Ka8 15. Bf4 Nb6 16. Bxd6 Qxd6 17. Qf4 Qd5 18. Qe5 Qxg2 19. Qg5 Ne4 20. Qxg4 Nxf2 21. Rhg1 Qxg1 22.
Rxg1 Nxg4 23. h5 f5 24. Nf4 Rde8 25. Ng6 Rh6 26. Nf4 Nd5 27. Nd3 b6 28. Re1 Kb7 29. Nxf5 exf5 30. Rxe8 Rxh5 31. a3 Rh1+ 32. Ka2 Rd1 33.
Ne5 Nxe5 34. dxe5 Re1 35. c4 Nc7 36. Re7 g5 37. Kb3 g4 38. Kc2 g3 39. Rg7 f4 40.
Rg5 f3 41. Rxg3 f2 42. Rf3 f1=Q 43. Rxf1 Rxf1 44. Kd2 Ne6 45. Ke2 Rf5 46. Kd3 Rxe5 47. Kc3 Nc5 48. Kd4 Re4+ 49. Kc3 Re3+ 50. Kc2 Nb3 51. Kb1 a5 52. a4 Nc5 53. Ka2 Nxa4 54.
Kb1 Nc5 55. Ka2 a4 56. Kb1 a3 57. bxa3 Rxa3 58. Kb2 Rb3+ 59. Kc2 Ka6 60. Kc1 Ka5 61. Kc2 Kb4 62. Kc1 Kc3 63. Kd1 Kd3 64. Kc1 Rb4 65. Kd1 Rb1# 0-1

[Event "*** Titled Tuesday Blitz"]
[Site "Chess.com"]
[Date "2020.04.14"]
[Round "5"]
[White "PIwan"]
[Black "BakaPG"]
[Result "0-1"]
[WhiteElo "2556"]
[BlackElo "2728"]
[TimeControl "180+1"]
[EndTime "10:51:44 PDT"]
[Termination "BakaPG won on time"]

1. c4 e5 2. Nc3 Nc6 3. Nf3 f5 4. d4 e4 5. Ng5 Nf6 6. Nh3 Bb4 7. e3 O-O 8. Qb3 Bxc3+ 9. Qxc3 d6 10. b4 Kh8 11.
Be2 Ne7 12. d5 Ng6 13. Bb2 Ne5 14. Nf4 Qe8 15. h4 Bd7 16. h5 Kg8 17. g3 Rf7 18. Kf1 b6 19. Kg2 h6 20. Ng6 Nxg6 21. hxg6 Rf8 22.
c5 Qxg6 23. Rhd1 Rac8 24. Ba6 Rcd8 25. cxd6 cxd6 26. Qc7 Ba4 27. Rd2 Rd7 28. Qc4 b5 29. Bxb5 Bxb5 30. Qxb5 Rc7 31. Qa6 Ng4 32. Bd4 f4 33.
exf4 Rxf4 34. Re1 Rff7 35. Qe2 Rce7 36. a4 e3 37. fxe3 Qe4+ 38. Kg1 Rf3 39. Qg2 Ref7 40.
Rdd1 Ne5 41. Rf1 Qg4 42. Bxe5 dxe5 43. Rxf3 Rxf3 44. Kh2 Rf5 45. d6 Qxd1 0-1

[Event "*** Titled Tuesday Blitz"]
[Site "Chess.com"]
[Date "2020.04.14"]
[Round "5"]
[White "Lucas_Tomiello"]
[Black "StoreySniper"]
[Result "1-0"]
[WhiteElo "2357"]
[BlackElo "2510"]
[TimeControl "180+1"]
[EndTime "10:51:45 PDT"]
[Termination "Lucas_Tomiello won on time"]

1. e4 g6 2. d4 Bg7 3. Nc3 c5 4.
dxc5 Bxc3+ 5. bxc3 Nf6 6. e5 Ne4 7. Qd4 Qa5 8. Ne2 Nxc5 9. Qb4 Qc7 10. Be3 Nba6 11. Qd4 b6 12. e6 f6 13. exd7+ Bxd7 14. Qf4 Qxf4 15. Nxf4 Bf5 16. Bb5+ Kf7 17. Nd3 Rac8 18.
O-O Rhd8 19. a4 Nc7 20. Nxc5 Nxb5 21. axb5 bxc5 22. Rxa7 Bxc2 23. Re1 Be4 24. f3 Bd5 25. Bf4 Be6 26. b6 g5 27. Bg3 f5 28. Be5 Rb8 29.
Bxb8 Rxb8 30. Rb1 Bd5 31. Rc7 c4 32. Rc5 e6 33. Rc7+ Kg6 34. b7 h5 35. Kf2 Kf6 36.
Ke3 Ke5 37. Rh7 f4+ 38. Kd2 h4 39. Kc2 Kf6 40. Rb6 Kg6 41. Rc7 h3 42. gxh3 Bxf3 43. Rxe6+ Kf5 44. Rb6 Be4+ 45. Kd2 f3 46. Ke3 Bd5 47. Rc5 Ke5 48. Rbb5 1-0

[Event "*** Titled Tuesday Blitz"]
[Site "Chess.com"]
[Date "2020.04.14"]
[Round "5"]
[White "igorkovalenko"]
[Black "Buffy7"]
[Result "1-0"]
[WhiteElo "2902"]
[BlackElo "2646"]
[TimeControl "180+1"]
[EndTime "10:51:46 PDT"]
[Termination "igorkovalenko won on time"]

1. d4 Nf6 2. Nf3 g6 3. Bf4 Bg7 4. e3 O-O 5. h3 d6 6. c3 Nc6 7. Bh2 Qe8 8. Bb5 a6 9. Ba4 b5 10. Bc2 Bb7 11. O-O e5 12. a4 Qe7 13. Na3 e4 14. Nd2 b4 15. Nab1 a5 16. Bg3 h6 17.
Bb3 Nd8 18. Nc4 Ne6 19. Nbd2 Nh5 20. Bh2 d5 21. Ne5 c5 22. Qb1 Kh7 23. Bd1 f5 24.
Bxh5 gxh5 25. Qd1 Qe8 26. Bf4 Ba6 27. Re1 Rg8 28. Kh2 Ra7 29. Rg1 Rb7 30. Nb3 bxc3 31. bxc3 c4 32. Nxa5 Rb2 33. Rf1 Bf6 34. Rb1 Rxb1 35.
Qxb1 Bd8 36. Nac6 Bc7 37. g3 h4 38. Rg1 Qh5 39. Qd1 hxg3+ 40. fxg3 Qe8 41. Nb4 Bc8 42.
Nec6 Ng5 43. Bxc7 Nf3+ 44. Kg2 f4 45. Bxf4 Bxh3+ 46. Kf2 Nxg1 47. Kxg1 1-0

[Event "*** Titled Tuesday Blitz"]
[Site "Chess.com"]
[Date "2020.04.14"]
[Round "5"]
[White "machupichu10"]
[Black "Alliswell998"]
[Result "1-0"]
[WhiteElo "2800"]
[BlackElo "2557"]
[TimeControl "180+1"]
[EndTime "10:51:46 PDT"]
[Termination "machupichu10 won by checkmate"]

1. d4 Nf6 2. c4 c5 3. d5 b5 4. cxb5 a6 5. b6 g6 6. Nc3 Bg7 7. e4 d6 8. Nf3 Nbd7 9. Bd3 O-O 10. h3 Rb8 11. O-O Qxb6 12. Re1 Qa7 13. Rb1 Ne8 14. Bg5 f6 15. Be3 Nc7 16. a4 Rb4 17. Nd2 a5 18. Nc4 Ne5 19. Nxe5 fxe5 20. Qe2 Ba6 21. Bxa6 Qxa6 22. Qxa6 Nxa6 23. b3 Rfb8 24. Nb5 Rxe4 25. Bd2 Rxe1+ 26. Rxe1 Nb4 27. Bxb4 cxb4 28. Rc1 Kf7 29.
Rc7 Kf6 30. Kf1 e4 31. Ke2 Bh6 32. Nd4 Ra8 33. Nc6 Bf8 34. Ke3 e6 35. Kxe4 Re8 36.
f4 Bh6 37. g3 g5 38. Rxh7 Kg6 39. Re7 exd5+ 40. Kxd5 Rf8 41. Re6+ Kh7 42. fxg5 Bxg5 43. Rxd6 Rf3 44. Kc4 Rxg3 45. Nxa5 Rxh3 46. Rd7+ Kg6 47. Kxb4 Bh4 48. Nc6 Be1+ 49. Ka3 Kf6 50. Rd6+ Kf5 51.
a5 Bc3 52. a6 Rh1 53. Ka4 Kg5 54. Kb5 Ra1 55. a7 Be1 56. Rd8 Rb1 57. b4 Bxb4 58. Nxb4 Ra1 59. a8=Q Rf1 60. Rg8+ Kh6 61. Qc6+ Kh5 62.
Qg6+ Kh4 63. Qg4# 1-0

[Event "*** Titled Tuesday Blitz"]
[Site "Chess.com"]
[Date "2020.04.14"]
[Round "5"]
[White "DejanNestor64"]
[Black "Dhaydon19"]
[Result "1-0"]
[WhiteElo "2434"]
[BlackElo "2615"]
[TimeControl "180+1"]
[EndTime "10:51:46 PDT"]
[Termination "DejanNestor64 won on time"]

1. d4 c6 2. c4 d5 3. Nf3 f6 4. e3 e6 5. Nc3 Bd6 6. Bd3 Ne7 7. e4 O-O 8. O-O Na6 9. a3 f5 10. exd5 exd5 11. c5 Bc7 12. Re1 Ng6 13. Bg5 Qd7 14.
b4 h6 15. Bd2 Qf7 16. Qc2 Nb8 17. Re2 Nd7 18. Rae1 Nf6 19. Bxf5 Bxf5 20. Qxf5 Rae8 21. Rxe8 Nxe8 22. Qxf7+ Kxf7 23. g3 Nf6 24. Ne5+ Nxe5 25. dxe5 Ng8 26. f4 g6 27. Ne2 Ne7 28. Nd4 Nf5 29. Bc3 Nxd4 30. Bxd4 Ke6 31. a4 g5 32.
Be3 gxf4 33. gxf4 d4 34. Bd2 Bd8 35. Kg2 Kf5 36. Kf3 Rg8 37. Re4 Rg1 38. Rxd4 Be7 39. Rd7 Ke6 40. Rxb7 Rh1 41. f5+ Kxf5 42. Rxe7 Rxh2 43.
Be3 Rh3+ 44. Ke2 Rh2+ 45. Kd3 Ra2 46. b5 Rxa4 47. bxc6 Rc4 48. Kxc4 1-0

[Event "*** Titled Tuesday Blitz"]
[Site "Chess.com"]
[Date "2020.04.14"]
[Round "5"]
[White "Nbk90"]
[Black "W_Amadeus"]
[Result "0-1"]
[WhiteElo "2525"]
[BlackElo "2707"]
[TimeControl "180+1"]
[EndTime "10:51:48 PDT"]
[Termination "W_Amadeus won by resignation"]

1. e4 c5 2. Nf3 e6 3. d4 cxd4 4. Nxd4 Nf6 5. Nc3 Nc6 6. Ndb5 Bc5 7. Bf4 O-O 8. Bc7 Qe7 9. Bd6 Bxd6 10. Qxd6 Qd8 11.
Be2 a6 12. Nd4 Qb6 13. Nb3 Qb4 14. Qxb4 Nxb4 15. O-O-O b5 16. e5 Nfd5 17. Nxd5 Nxd5 18. Bf3 Bb7 19. Nc5 Bc6 20. Bxd5 exd5 21. Nb3 f6 22.
exf6 Rxf6 23. f3 Rg6 24. Rd2 Re8 25. Nd4 Kf7 26. Kd1 a5 27. Re1 Rxe1+ 28. Kxe1 b4 29.
Kf2 Bb7 30. Re2 Rb6 31. g4 a4 32. h4 g6 33. Kg3 a3 34. b3 Ba6 35. Re5 Bb7 36. h5 Ra6 37. Kf4 Ra8 38. Kg5 Rc8 39. f4 Rc3 40. Nb5 Rc6 41. Rxd5 Rb6 42. Rxd7+ Ke6 43. Rd6+ Rxd6 44. Nxd6 Kxd6 45. hxg6 hxg6 46. Kxg6 Be4+ 47. Kf6 Bxc2 48. g5 Bxb3 49. g6 Bxa2 50. g7 Bg8 51. f5 a2 52. Kg6 a1=Q 53. f6 Qg1+ 54. Kf5 Bf7 0-1

[Event "*** Titled Tuesday Blitz"]
[Site "Chess.com"]
[Date "2020.04.14"]
[Round "5"]
[White "farzadbfd"]
[Black "kingofthenil"]
[Result "1-0"]
[WhiteElo "2739"]
[BlackElo "2541"]
[TimeControl "180+1"]
[EndTime "10:51:49 PDT"]
[Termination "farzadbfd won on time"]

1. e4 Nc6 2. d4 d5 3. e5 Bf5 4.
Nf3 e6 5. Bd3 Nge7 6. O-O f6 7.
exf6 gxf6 8. Re1 Qd7 9. Qe2 Bxd3 10. Qxd3 O-O-O 11. a4 Ng6 12. c3 e5 13. dxe5 fxe5 14. Ng5 e4 15. Qh3 Qxh3 16. Nxh3 Nce5 17. Bg5 Re8 18.
Na3 Nd3 19. Re2 Bxa3 20. Rxa3 Rhg8 21. Ra1 Nge5 22. Bf4 Ref8 23. Bg3 h5 24. Rd1 c6 25. b3 h4 26. Bxe5 Nxe5 27. c4 Nd3 28. cxd5 cxd5 29. f3 Kb8 30. fxe4 dxe4 31. Rxe4 Nc5 32.
Re3 Rg4 33. Rc1 b6 34. Rf1 Rfg8 35. Rf2 Rb4 36. Rff3 a5 37. Nf4 Rd4 38. h3 Rd1+ 39.
Kh2 Rd2 40. Re2 Rxe2 41. Nxe2 Re8 42. Nd4 Re4 43. Nf5 Rb4 44. g4 hxg3+ 45. Kxg3 Nxb3 46.
h4 Nc5 47. h5 Ne4+ 48. Kh3 Nf6 49. h6 Rxa4 50. Ne7 Nh7 51. Rg3 Re4 52. Rg8+ Kb7 53.
Rg7 1-0

[Event "*** Titled Tuesday Blitz"]
[Site "Chess.com"]
[Date "2020.04.14"]
[Round "5"]
[White "MatthewG-p4p"]
[Black "elohunter1999"]
[Result "0-1"]
[WhiteElo "2741"]
[BlackElo "2484"]
[TimeControl "180+1"]
[EndTime "10:51:49 PDT"]
[Termination "elohunter1999 won by resignation"]

1. c4 Nf6 2. g3 e6 3. Nf3 d5 4.
b3 c5 5. Bg2 Nc6 6. O-O d4 7.
e3 e5 8. exd4 exd4 9. d3 Be7 10.
Bg5 O-O 11. a3 h6 12. Bxf6 Bxf6 13. Nbd2 Bf5 14. Qc2 Re8 15. Rfe1 Qd7 16. Rab1 a5 17.
Rxe8+ Rxe8 18. Ne1 Be7 19. Ne4 Bf8 20. f4 Bh7 21. Qd2 Kh8 22. Nf2 Re3 23. Nc2 Qe8 24. Be4 Bxe4 25. dxe4 Rc3 26. Nd1 Rf3 27. Nf2 f5 28. e5 g5 29. Ne1 Re3 30. Nc2 gxf4 31. gxf4 Rc3 32. Qe2 a4 33. bxa4 Na5 34. Kh1 Nxc4 35.
Ne1 Qc6+ 36. Kg1 Qg6+ 37. Kh1 Nxa3 38. Ra1 c4 39. e6 Be7 40. Qe5+ Qf6 41. Qd5 d3 42.
Nf3 Nc2 43. Rf1 Ne3 44. Qxb7 Nxf1 45. Qc8+ Qf8 46. Qc7 Ne3 47. h3 Rc1+ 48. Kh2 Nf1+ 49. Kg2 Ne3+ 50. Kh2 Nf1+ 51. Kg2 Qg7+ 52. Ng4 fxg4 53.
Qc8+ Kh7 0-1

[Event "*** Titled Tuesday Blitz"]
[Site "Chess.com"]
[Date "2020.04.14"]
[Round "5"]
[White "kasparicy"]
[Black "SuperCheese"]
[Result "1-0"]
[WhiteElo "2345"]
[BlackElo "2508"]
[TimeControl "180+1"]
[EndTime "10:51:49 PDT"]
[Termination "kasparicy won by resignation"]

1. e4 e5 2. Nf3 Nc6 3. Bc4 Bc5 4. O-O Nf6 5. d4 Bxd4 6. Nxd4 Nxd4 7. f4 d6 8. fxe5 dxe5 9. Bg5 Rg8 10. Nc3 c6 11.
Bxf6 gxf6 12. Qh5 Be6 13. Qxh7 Ke7 14. Bxe6 Nxe6 15. Rad1 Qb6+ 16. Kh1 Rg7 17. Qf5 Rg6 18. Rd3 Rd8 19. Rxd8 Nxd8 20. Rd1 Ne6 21. b3 Qe3 22. Qf3 Qxf3 23. gxf3 Nd4 24. f4 Nxc2 25. f5 Rg4 26.
Rg1 Rf4 27. Rg8 Ne3 28. h4 Rf1+ 29. Kh2 Rc1 30. Na4 Rc2+ 31. Kh3 b5 32. h5 bxa4 33. h6 Rc1 34. Kh2 Rc2+ 35. Kh3 Nf1 36. Rg2 Rc3+ 37.
Kh4 Ne3 38. Rg3 axb3 39. axb3 Rc1 40. Rxe3 Rd1 41. h7 Rd8 42. Kh5 Rh8 43. Kh6 Kd6 44. Rg3 Kc5 45. Rg8 Rxh7+ 46. Kxh7 Kd4 47. Rf8 Kxe4 48.
Rxf7 Kxf5 49. Rxa7 e4 50. Rc7 e3 51. Rxc6 e2 52. Rc1 Ke4 53. b4 f5 54. b5 f4 55. b6 f3 56. b7 f2 57. b8=Q e1=Q 58. Qe8+ Kf3 59. Rxe1 fxe1=Q 60. Qxe1 1-0

[Event "*** Titled Tuesday Blitz"]
[Site "Chess.com"]
[Date "2020.04.14"]
[Round "5"]
[White "ChesterF"]
[Black "ketster"]
[Result "1-0"]
[WhiteElo "2507"]
[BlackElo "2275"]
[TimeControl "180+1"]
[EndTime "10:51:49 PDT"]
[Termination "ChesterF won on time"]

1. d4 Nf6 2. c4 e6 3. Nc3 Bb4 4. Nf3 O-O 5. Bg5 h6 6. Bh4 c5 7.
e3 Nc6 8. Be2 cxd4 9. exd4 g5 10. Bg3 Ne4 11. Rc1 f5 12. d5 Ne7 13. Bd3 exd5 14. cxd5 d6 15. O-O Nxc3 16. bxc3 Ba3 17.
h4 Ng6 18. hxg5 hxg5 19. Rb1 Qf6 20. Nd4 f4 21. Bh2 Ne5 22. Bc2 Bg4 23. Qd2 b6 24. f3 Bd7 25. Rfe1 Bc5 26. Qe2 Bf5 27. Bxf5 Qxf5 28.
Kh1 Qh7 29. Qe4 Qxe4 30. Rxe4 Rf6 31. Ne6 Rg6 32. g3 fxg3 33. Bxg3 Nxf3 34. Kg2 g4 35. Nxc5 dxc5 36. d6 Rd8 37. Rd1 Rg7 38. Rf4 Ne5 39.
Rf5 Nf7 40. d7 Ng5 41. Rfd5 Ne6 42. Bh4 g3 43. Bxd8 Nxd8 44. Rd6 Re7 45. R6d5 1-0

[Event "*** Titled Tuesday Blitz"]
[Site "Chess.com"]
[Date "2020.04.14"]
[Round "5"]
[White "Carnivoras"]
[Black "ehrenfeld"]
[Result "0-1"]
[WhiteElo "2629"]
[BlackElo "2480"]
[TimeControl "180+1"]
[EndTime "10:51:50 PDT"]
[Termination "ehrenfeld won by checkmate"]

1. d4 f5 2. Nf3 Nf6 3. Bf4 d6 4. e3 g6 5. c3 Bg7 6. Qb3 e6 7. Bc4 Qe7 8. O-O Nc6 9. Nbd2 O-O 10. Ng5 Nd8 11. Rfe1 h6 12. Ngf3 g5 13. Bg3 Nc6 14.
h3 Na5 15. Qc2 Nxc4 16. Nxc4 Bd7 17. Nfd2 Rae8 18. a4 Kh8 19. a5 Nh5 20. Bh2 e5 21. dxe5 dxe5 22. Nf3 Qc5 23. Qe2 Bb5 24. Nfd2 Nf6 25.
b4 Qd5 26. Rad1 f4 27. e4 Qe6 28. f3 h5 29. Kh1 Rg8 30. Bg1 Bf8 31. Bxa7 g4 32.
hxg4 hxg4 33. Bc5 Bxc5 34. bxc5 g3 35. Kg1 Rg7 36. Qd3 Nd7 37. Qd5 Qe7 38. Nb3 Bc6 39.
Qd3 Nxc5 40. Qc2 Nxb3 41. Qxb3 Qc5+ 42. Ne3 fxe3 43. Re2 Rh7 44. Qc2 Bb5 45. Rd5 Qc4 46. Rxb5 Qxb5 47. c4 Qc5 48. Qd3 Qd6 49. Qxd6 cxd6 50.
Rxe3 Rc7 51. Rc3 Rc5 52. Kf1 Rec8 53. Rd3 Rxc4 54. Rxd6 Rc2 55. Ke1 Rf2 56. Rg6 Rc1# 0-1

[Event "*** Titled Tuesday Blitz"]
[Site "Chess.com"]
[Date "2020.04.14"]
[Round "5"]
[White "JiaHaoxiang"]
[Black "GelmanAlexander"]
[Result "0-1"]
[WhiteElo "2599"]
[BlackElo "2443"]
[TimeControl "180+1"]
[EndTime "10:51:50 PDT"]
[Termination "GelmanAlexander won by checkmate"]

1. d4 Nf6 2. Nf3 c5 3. d5 e6 4. c4 b5 5. Bg5 exd5 6. cxd5 h6 7. Bh4 d6 8. e3 a6 9. Nc3 Be7 10. Be2 O-O 11. O-O Bb7 12. Bxf6 Bxf6 13. e4 Re8 14. Nd2 Nd7 15. Qc2 b4 16. Nd1 Bxd5 17. exd5 Rxe2 18. Ne3 Nb6 19. Qd3 Rxe3 20. fxe3 Bxb2 21. Rab1 Be5 22.
e4 a5 23. Rf3 a4 24. Nc4 Nxc4 25. Qxc4 b3 26. a3 Qh4 27. g3 Qg4 28. Kg2 h5 29.
h3 Qg5 30. Rbf1 b2 31. Qb5 h4 32. g4 f6 33. Qb7 Re8 34. Qb5 Rc8 35. Qb7 Rf8 36.
Qb5 Qd2+ 37. R1f2 Qe1 38. Rf1 Qxe4 39. Kg1 Qxd5 40. Qxa4 Rb8 41. Qc2 c4 42. Rd1 Qxf3 43. Qxc4+ Kh8 44. Rb1 Qg3+ 45. Kf1 Qxh3+ 46. Ke2 Qg2+ 47.
Kd3 Qf3+ 48. Kc2 h3 49. g5 fxg5 50. Qc7 Rf8 51. a4 h2 52. Qc4 Qf5+ 53. Kb3 Qxb1 54. a5 Qd1+ 55. Ka2 b1=Q+ 56. Ka3 Qdd3+ 57. Qxd3 Qxd3+ 58. Kb4 Rb8+ 59. Ka4 Qb3# 0-1

[Event "*** Titled Tuesday Blitz"]
[Site "Chess.com"]
[Date "2020.04.14"]
[Round "5"]
[White "2008king"]
[Black "Keks2017"]
[Result "0-1"]
[WhiteElo "2029"]
[BlackElo "2481"]
[TimeControl "180+1"]
[EndTime "10:51:50 PDT"]
[Termination "Keks2017 won by checkmate"]

1. e4 c5 2. Nf3 d6 3. d4 cxd4 4. Qxd4 a6 5. Be2 Nc6 6. Qe3 Nf6 7. c4 g6 8. Nc3 Bg7 9. O-O O-O 10. h3 b6 11. Rd1 Qc7 12. Rb1 Bb7 13. b3 Rac8 14.
Bb2 e6 15. Rbc1 Nd7 16. a3 Qb8 17. b4 Rfd8 18. Na4 Qc7 19. Bxg7 Kxg7 20. c5 dxc5 21. bxc5 b5 22. Nb6 Nxb6 23. cxb6 Qe7 24. Rxd8 Rxd8 25.
Rxc6 Bxc6 26. Qc3+ f6 27. Qxc6 Rd6 28. Qc7 Rd7 29. Qc8 Rb7 30. Qc6 Qd7 31. Qc5 Qd8 32. e5 f5 33. Nd4 Qxb6 34. Qxb6 Rxb6 35. Bd1 a5 36. Bb3 Kf7 37. f4 Ke7 38. Kf2 Kd7 39. Ke3 Ke7 40. g3 Kd7 41. h4 Ke7 42. Nxe6 a4 43.
Bd5 b4 44. axb4 Rxb4 45. Nc5 a3 46. Nd3 Rb1 47. Ba2 Ra1 48. Nb4 Rg1 49. Kf2 Rd1 50. Ke2 Rg1 51. Kf2 Rd1 52. Nd5+ Ke8 53. Ke3 Rg1 54.
Kf3 Rf1+ 55. Ke2 Rg1 56. Kf2 Rd1 57. Nb4 Rd2+ 58. Ke3 Rb2 59. Bg8 Rxb4 60. Kd3 Rb2 61. Kc3 Rg2 62. Kb3 a2 63. Bxh7 a1=Q 64. Bxg6+ Ke7 65.
Bxf5 Qd4 66. g4 Rg3+ 67. Kc2 Qf2+ 68. Kd1 Rg1# 0-1

[Event "*** Titled Tuesday Blitz"]
[Site "Chess.com"]
[Date "2020.04.14"]
[Round "5"]
[White "124chess"]
[Black "Gareth-Bale11"]
[Result "1-0"]
[WhiteElo "2635"]
[BlackElo "2800"]
[TimeControl "180+1"]
[EndTime "10:51:53 PDT"]
[Termination "124chess won on time"]

1. d4 Nf6 2. c4 e6 3. Nc3 Bb4 4.
Qb3 a5 5. a3 a4 6. Qc2 Bxc3+ 7.
bxc3 d6 8. e4 Nc6 9. Bd3 b6 10. f4 e5 11. Nf3 Qe7 12. O-O h6 13. Kh1 Bd7 14. Qf2 Bg4 15. fxe5 dxe5 16. d5 Na5 17. Be3 Nb3 18. Ra2 Bc8 19. Qg3 O-O 20.
Qxe5 Qxe5 21. Nxe5 Re8 22. Bd4 Nc5 23. Bxc5 bxc5 24.
Nc6 Nxe4 25. Re2 Nd6 26. Rxe8+ Nxe8 27. Re1 Bd7 28. Ne5 Bc8 29. Nc6 Kf8 30. Re7 Ra6 31. Re1 Rb6 32. Bc2 Nd6 33. Ne5 Rb2 34.
Bxa4 g6 35. h3 Ra2 36. Bd7 Ba6 37. Bb5 Nxb5 38. cxb5 Bxb5 39. c4 Ba4 40. Re3 Kg7 41. Nf3 g5 42. Re7 Kf6 43. Rxc7 Rxa3 44. Rxc5 Bc2 45.
Kh2 Be4 46. Kg3 Ra2 47. Rc6+ Kg7 48. Rc7 Kg6 49. d6 h5 50. h4 g4 51. Nd4 Rxg2+ 52. Kf4 1-0

[Event "*** Titled Tuesday Blitz"]
[Site "Chess.com"]
[Date "2020.04.14"]
[Round "5"]
[White "eCztery"]
[Black "moro182"]
[Result "1/2-1/2"]
[WhiteElo "2409"]
[BlackElo "2680"]
[TimeControl "180+1"]
[EndTime "10:51:53 PDT"]
[Termination "Game drawn - insufficient material"]

1. e4 e5 2. Nf3 Nc6 3. d4 exd4 4. Bc4 Nf6 5. O-O d6 6. Nxd4 Nxd4 7. Qxd4 Be7 8. Nc3 O-O 9. Bg5 Bd7 10. Rad1 Bc6 11. e5 Ne8 12. Bf4 dxe5 13. Qxe5 Bd6 14. Qe3 Qf6 15. Bg3 Bxg3 16. fxg3 Qg6 17. Nd5 Bxd5 18.
Bxd5 Nd6 19. c3 Rfe8 20. Qf4 Re7 21. Rd2 Rae8 22. Rdf2 h6 23. h4 c6 24. Bb3 Kh8 25.
h5 Qf6 26. Qxf6 gxf6 27. Rxf6 Ne4 28. Rxf7 Nxg3 29. Rf8+ Rxf8 30. Rxf8+ Kh7 31. Rf7+ Rxf7 32. Bxf7 Kg7 33. Bg6 Ne2+ 34. Kf2 Nf4 35. Be4 Nxh5 36. b4 Kf6 37. Kf3 Ke5 38. b5 cxb5 39. Bxb7 a5 40.
a3 Nf6 41. Bc6 Nd5 42. Bxb5 Nxc3 43. Bc4 Kd4 44. Bf7 Nb1 45. a4 Nc3 46. Be8 Kc5 47.
Kg4 Kb4 48. Kh5 Nxa4 49. Kxh6 Nc5 50. g4 Ne4 51. g5 Nxg5 52. Kxg5 a4 53. Bf7 a3 54.
Kf4 Kc3 55. Ke3 Kb2 56. Kd2 a2 57. Bxa2 1/2-1/2

[Event "*** Titled Tuesday Blitz"]
[Site "Chess.com"]
[Date "2020.04.14"]
[Round "5"]
[White "Artem_Sadovsky"]
[Black "yudinetz"]
[Result "0-1"]
[WhiteElo "2598"]
[BlackElo "2440"]
[TimeControl "180+1"]
[EndTime "10:51:53 PDT"]
[Termination "yudinetz won by checkmate"]

1. Nf3 Nf6 2. g3 b6 3. Bg2 Bb7 4. O-O c5 5. b3 e6 6. Bb2 Be7 7. d3 d6 8. e4 Nbd7 9. Nbd2 Qc7 10. a4 a6 11. Nc4 O-O 12. e5 dxe5 13. Nfxe5 Bxg2 14. Kxg2 b5 15. Nxd7 Nxd7 16. axb5 axb5 17. Qg4 Bf6 18.
Rxa8 Rxa8 19. Qf3 Ra2 20. Bxf6 Nxf6 21. Ne3 h5 22. Re1 Ng4 23. Re2 Ne5 24. Qxh5 g6 25.
Qg5 Qc6+ 26. Kh3 Nf3 27. Qd8+ Kg7 28. Ng4 Ng1+ 29. Kh4 Nf3+ 30. Kh3 e5 31. Re3 Ra8 32. Qf6+ Qxf6 33. Nxf6 Ng5+ 34. Kg4 Kxf6 35. f4 exf4 36. gxf4 Ne6 37. Re5 Ra2 38. b4 Rxc2 39. h4 Rf2 40. Re4 Rd2 41. bxc5 Nxc5 42. Rb4 Rxd3 43. Rxb5 Ne4 44.
Rb6+ Kg7 45. h5 Rg3+ 46. Kh4 gxh5 47. Rb4 Rg4+ 48. Kh3 Rxf4 49. Rb5 Kg6 50. Kh2 f5 51. Kh3 Kg5 52. Rb8 Rf3+ 53. Kh2 Kf4 54. Kg2 h4 55. Kh2 Nf2 56. Kg2 h3+ 57. Kh2 Ng4+ 58. Kg1 h2+ 59. Kg2 Rf2+ 60. Kh3 h1=Q# 0-1

[Event "*** Titled Tuesday Blitz"]
[Site "Chess.com"]
[Date "2020.04.14"]
[Round "5"]
[White "FelixJoseYnojosa"]
[Black "Sychev_Klementy"]
[Result "1-0"]
[WhiteElo "2643"]
[BlackElo "2797"]
[TimeControl "180+1"]
[EndTime "10:51:54 PDT"]
[Termination "FelixJoseYnojosa won on time"]

1. c4 g6 2. Nc3 c5 3. Nf3 Bg7 4. d3 Nc6 5. e4 d6 6. h3 e6 7.
Be2 Nge7 8. O-O O-O 9. Bg5 h6 10. Bh4 g5 11. Bg3 Ng6 12. Qd2 a6 13. Rab1 Rb8 14. a3 Nd4 15. b4 Nxe2+ 16. Nxe2 f5 17.
exf5 exf5 18. bxc5 f4 19. Bh2 dxc5 20. Nc3 g4 21.
hxg4 Bxg4 22. Nd5 Bxf3 23. gxf3 Nh4 24. Kh1 Qd7 25. Qd1 Qh3 26. Rg1 Nxf3 27. Rg2 Rbe8 28. Rxb7 Ng5 29. Ne7+ Kh7 30. d4 Rf7 31. Qb1+ Kh8 32.
Ng6+ Kg8 33. Rxf7 Kxf7 34. Nxf4 Qf3 35. Qg6+ Kf8 36. Qd6+ Kg8 37. Qd5+ Kh7 38. Qf5+ Kg8 39. Qd5+ Kh8 40. Qxf3 Nxf3 41. Nd3 cxd4 42. Bf4 Re2 43. Rg3 Nh4 44. Rg4 Nf5 45. Bg3 Ra2 46. Re4 Rxa3 47. Nf4 Nxg3+ 48. fxg3 Rxg3 49. Re8+ Kh7 50. Re7 d3 51. Rd7 Rg4 52. Ne6 1-0

[Event "*** Titled Tuesday Blitz"]
[Site "Chess.com"]
[Date "2020.04.14"]
[Round "5"]
[White "kuli4ik"]
[Black "SONOFHOLYGOD"]
[Result "1-0"]
[WhiteElo "2788"]
[BlackElo "2605"]
[TimeControl "180+1"]
[EndTime "10:51:54 PDT"]
[Termination "kuli4ik won by resignation"]

1. Nf3 Nf6 2. g3 d5 3. Bg2 e6 4. O-O b5 5. d3 Be7 6. c4 bxc4 7. dxc4 O-O 8. Nc3 Bb7 9. cxd5 exd5 10. b3 Nbd7 11.
Bb2 c5 12. Rc1 d4 13. Nb1 Qa5 14. Na3 Rfe8 15. Nc4 Qc7 16. e3 dxe3 17. Nxe3 Bf8 18. Re1 Rad8 19. Qe2 Ng4 20. Rc3 Nge5 21. Rc2 Nxf3+ 22.
Bxf3 Ne5 23. Bxb7 Qxb7 24. Bxe5 Rxe5 25. Rd1 Rde8 26. Rcd2 a5 27. Rd7 Qe4 28. Ra7 h5 29. Rdd7 Rf5 30. Qc4 Qxc4 31. bxc4 Rf6 32. Rxa5 Rb8 33. Rb5 Ra8 34. Rb2 g6 35. Rbd2 Bh6 36.
Rd8+ Rxd8 37. Rxd8+ Kg7 38. Nd5 Ra6 39. Rc8 Rxa2 40.
Rxc5 h4 41. gxh4 Bd2 42. Rc6 Ra1+ 43. Kg2 Ra2 44. h5 gxh5 45. Ne7 Be3 46. Nf5+ Kf8 47. Nxe3 Ke8 48. Rc5 Kd7 49. Rxh5 Ke7 50. Rf5 f6 51. c5 Ke6 52. h4 Ra3 53. h5 Ra8 54. Kf3 Rh8 55.
Kf4 Kf7 56. Ng4 Kg7 57. h6+ Kh7 58. Rxf6 Rg8 59. Rf7+ Kh8 60. c6 Rc8 61. c7 Rg8 62. Ne5 Rc8 63. Ng6+ 1-0